 Dungeon Crawl Stone Soup version 0.29.1-1-gd02db6906a (webtiles) character file.

Game seed: 7127066674013776084

395740 juncz the Black Belt (level 23, -6/204 (205) HPs)
             Began as a Gnoll Ice Elementalist on Sept 30, 2022.
             Was an Elder of Ashenzari.
             Shot with a bolt by a yaktaur captain (12 damage)
             ... while petrified by an ancient lich
             ... on level 5 of the Vaults on Oct 1, 2022.
             The game lasted 04:14:52 (76776 turns).

juncz the Black Belt (Gnoll Ice Elementalist)      Turns: 76776, Time: 04:14:52

HP:   -6/204 (205)  AC: 25    Str: 14    XL:     23   Next: 19%
MP:   2/50          EV:  2    Int: 37    God:    Ashenzari [****..]
Gold: 3165          SH:  0    Dex: 13    Spells: 12/69 levels left

rFire   + . .      SeeInvis +   j - +11 war axe "Impbane" {freeze, rC+ rN+ Str+5}
rCold   + + .      Faith    .   d - +1 buckler "Eternal With Me" {reflect, Fort, Self} (curse)
rNeg    + + +      Spirit   .   H - +5 steam dragon scales of Desmomancy {Self, Cun} (curse)
rPois   ∞          Reflect  +   G - +2 helmet of Ashenzari's Shame {Self, Alch} (curse)
rElec   +          Harm     .   V - scarf of the Ruined Stars {rC+ rF+, Self, Comp} (curse)
rCorr   .          Rampage  .   F - +2 pair of gloves of Ashenzari's Moon {Will+ Int+5 SInv, Evo, Self} (curse)
Will    ++...      Clarity  +   O - +2 pair of boots "Thunder Perfect Mind" {Self, Alch} (curse)
Stlth   +++++++...              W - amulet "Ytsy" {Regen+ Int+3 Dex-2 Slay+2}
HPRegen 1.24/turn               i - ring of wizardry
MPRegen 0.32/turn               a - ring of Ashenzari's Comet {rElec rN+ Int+4 Dex+3, Cun, Self} (curse)

@: petrified, slightly contaminated, studying Unarmed Combat, lightly drained
A: fangs 1, strong nose, distributed training
}: 2/15 runes: serpentine, silver
a: Renounce Religion, Curse Item, Shatter the Chains


You were on level 5 of the Vaults.
You worshipped Ashenzari.
Ashenzari was greatly pleased with you.
You visited 7 branches of the dungeon, and saw 35 of its levels.
You also visited: Gauntlet, Ice Cave and Desolation.

You collected 4540 gold pieces.
You spent 1375 gold pieces at shops.

Inventory:

Hand Weapons
 j - the +11 war axe "Impbane" (weapon) {freeze, rC+ rN+ Str+5}
   (You bought it in a shop on level 2 of the Orcish Mines)

   It freezes those it strikes, dealing additional cold damage.
   It can also slow down cold-blooded creatures.
   Str:       It affects your strength (+5).
   rC:        It protects you from cold.
   rN:        It protects you from negative energy.
 k - the +2 rapier "Plog" {spect, Drain rCorr Int+4}
   (You found it on level 5 of the Lair of Beasts)

   When its wielder attacks, the weapon's spirit leaps out and strikes again.
   The spirit shares a part of any damage it takes with its wielder.
   Int:       It affects your intelligence (+4).
   rCorr:     It protects you from acid and corrosion.
   Drain:     It drains your maximum health when unequipped.
Armour
 d - the cursed +1 buckler "Eternal With Me" (worn) {reflect, Fort, Self}
   (You bought it in a shop on level 2 of the Elven Halls)

   It has a curse which improves the following skills: Fortitude: Armour and
   Shields.
   Introspection: Fighting and Spellcasting.
 F - the cursed +2 pair of gloves of Ashenzari's Moon (worn) {Will+ Int+5 SInv, Evo, Self}
   (You found it in a Gauntlet)

   Int:       It affects your intelligence (+5).
   SInv:      It lets you see invisible.
   Will:      It increases your willpower.
   It has a curse which improves the following skills: Evocations: Evocations.
   Introspection: Fighting and Spellcasting.
 G - the cursed +2 helmet of Ashenzari's Shame (worn) {Self, Alch}
   (You found it on level 6 of the Dungeon)

   It has a curse which improves the following skills: Introspection: Fighting
   and Spellcasting.
   Alchemy:   Poison Magic and Transmutations.
 H - the cursed +5 steam dragon scales of Desmomancy (worn) {Self, Cun}
   (You found it on level 7 of the Dungeon)

   It has a curse which improves the following skills: Introspection: Fighting
   and Spellcasting.
   Cunning:   Dodging and Stealth.
 O - the cursed +2 pair of boots "Thunder Perfect Mind" (worn) {Self, Alch}
   (You found it on level 11 of the Dungeon)

   It has a curse which improves the following skills: Introspection: Fighting
   and Spellcasting.
   Alchemy:   Poison Magic and Transmutations.
 V - the cursed scarf of the Ruined Stars (worn) {rC+ rF+, Self, Comp}
   (You found it on level 1 of the Lair of Beasts)

   It has a curse which improves the following skills: Introspection: Fighting
   and Spellcasting.
   Companions: Summonings and Necromancy.
Magical Staves
 Y - a staff of cold
Jewellery
 a - the cursed ring of Ashenzari's Comet (right hand) {rElec rN+ Int+4 Dex+3, Cun, Self}
   (You found it in an ice cave)

   [ring of positive energy]

   Int:       It affects your intelligence (+4).
   Dex:       It affects your dexterity (+3).
   rElec:     It insulates you from electricity.
   rN:        It protects you from negative energy.
   It has a curse which improves the following skills: Cunning: Dodging and
   Stealth.
   Introspection: Fighting and Spellcasting.
 b - the ring of the Endless Expanse {rN+ MP+9 Str-2 Stlth+}
   (You took it off an imperial myrmidon in the Desolation of Salt)

   [ring of magical power]

   Str:       It affects your strength (-2).
   rN:        It protects you from negative energy.
   MP:        It affects your magic capacity (+9).
   Stlth:     It makes you more stealthy.
 c - a ring of magical power
 e - a ring of poison resistance
 i - a ring of wizardry (left hand)
 u - a ring of resist corrosion
 y - the ring of the Cicada {rF- Str+6 Int+4 SInv}
   (You found it in the Desolation of Salt)

   [ring of strength]

   Str:       It affects your strength (+6).
   Int:       It affects your intelligence (+4).
   rF:        It makes you vulnerable to fire.
   SInv:      It lets you see invisible.
 J - a ring of flight
 K - the amulet "Peoj" {Reflect rCorr SH+5 Stlth+}
   (You found it in the Desolation of Salt)

   [amulet of reflection]

   It reflects blocked missile attacks.
   rCorr:     It protects you from acid and corrosion.
   SH:        It affects your SH (+5).
   Stlth:     It makes you more stealthy.
 Q - a ring of fire
 R - an amulet of magic regeneration
 W - the amulet "Ytsy" (around neck) {Regen+ Int+3 Dex-2 Slay+2}
   (You acquired it on level 2 of the Lair of Beasts)

   [amulet of regeneration]

   Int:       It affects your intelligence (+3).
   Dex:       It affects your dexterity (-2).
   Slay:      It affects your accuracy & damage with ranged weapons and melee
   (+2).
   Regen:     It increases your rate of health regeneration.
 Z - a +4 ring of protection
Wands
 L - a wand of polymorph (18)
 U - a wand of digging (2)
 X - a wand of mindburst (1)
Scrolls
 g - 4 scrolls of enchant weapon
 l - 11 scrolls of teleportation
 m - 4 scrolls of fear
 o - 2 scrolls of magic mapping
 p - 5 scrolls of amnesia
 q - 10 scrolls of blinking
 t - 4 scrolls of poison
 D - 2 scrolls of summoning
 E - 8 scrolls of immolation
 I - 2 scrolls of brand weapon
 P - 3 scrolls of butterflies
 S - 2 scrolls of enchant armour
 T - 3 scrolls of silence
Potions
 f - 3 potions of heal wounds
 h - 4 potions of lignification
 n - 5 potions of flight
 r - 2 potions of cancellation
 s - 23 potions of curing
 v - 5 potions of attraction
 w - 3 potions of might
 x - 5 potions of haste
 z - 3 potions of resistance
 A - 2 potions of berserk rage
 C - 8 potions of mutation
Miscellaneous
 B - a lightning rod (4/4)
 M - a phantom mirror
 N - a condenser vane


   Skills:
 + Level 16.0(22.9) Fighting
 + Level 16.0 Short Blades
 + Level 16.0 Long Blades
 + Level 16.0 Axes
 + Level 16.0 Maces & Flails
 + Level 16.0 Polearms
 + Level 16.0 Staves
 + Level 16.0 Ranged Weapons
 + Level 16.0 Throwing
 + Level 16.0(17.9) Armour
 + Level 16.6(19.4) Dodging
 + Level 16.5(19.3) Stealth
 + Level 16.0(17.9) Shields
 + Level 18.2 Unarmed Combat
 + Level 16.7(23.6) Spellcasting
 + Level 13.6 Conjurations
 + Level 13.6 Hexes
 + Level 13.6(15.5) Summonings
 + Level 13.6(15.5) Necromancy
 + Level 13.6 Translocations
 + Level 13.6(16.5) Transmutations
 + Level 13.6 Fire Magic
 + Level 15.2 Ice Magic
 + Level 13.6 Air Magic
 + Level 13.6 Earth Magic
 + Level 13.6(16.5) Poison Magic
 + Level 17.4 Invocations
 + Level 16.0(17.9) Evocations


You had 12 spell levels left.
You knew the following spells:

 Your Spells              Type           Power      Damage    Failure   Level
a - Freeze                Ice            100%       1d11      0%          1
b - Frozen Ramparts       Ice            100%       1d16      0%          3
c - Ozocubu's Armour      Ice            100%       N/A       0%          3
d - Ozocubu's Refrigerat  Ice            51%        4d18      1%          7
e - Stone Arrow           Conj/Erth      100%       3d13      0%          3
f - Summon Lightning Spi  Summ/Air       100%       N/A       0%          4
g - Irradiate             Conj/Tmut      50%        3d28      1%          5
h - Lehudib's Crystal Sp  Conj/Erth      49%        10d12     6%          8
i - Maxwell's Capacitive  Air            49%        ∞         6%          8
j - Orb of Destruction    Conj           49%        9d13      1%          7
k - Ignition              Fire           49%        3d14      6%          8

Your spell library contained the following spells:

 Spells                   Type           Power      Damage    Failure   Level
 Beastly Appendage        Tmut           100%       N/A       0%          1
 Magic Dart               Conj           100%       1d8       0%          1
 Necrotise                Necr           100%       1d9       0%          1
 Slow                     Hex            100%       N/A       0%          1
 Blink                    Tloc           100%       N/A       0%          2
 Ensorcelled Hibernation  Hex/Ice        100%       N/A       0%          2
 Passwall                 Tmut/Erth      84%        N/A       0%          2
 Static Discharge         Conj/Air       98%        3-16/arc  0%          2
 Wereblood                Tmut           100%       N/A       0%          2
 Call Canine Familiar     Summ           100%       N/A       0%          3
 Confusing Touch          Hex            98%        N/A       0%          3
 Dazzling Flash           Conj/Hex       100%       N/A       0%          3
 Gell's Gravitas          Tloc           98%        N/A       0%          3
 Ignite Poison            Fire/Tmut/Pois 100%       N/A       0%          3
 Lesser Beckoning         Tloc           98%        N/A       0%          3
 Mephitic Cloud           Conj/Pois/Air  100%       N/A       0%          3
 Portal Projectile        Hex/Tloc       100%       N/A       0%          3
 Spider Form              Tmut/Pois      100%       N/A       0%          3
 Swiftness                Air            98%        N/A       0%          3
 Teleport Other           Tloc           98%        N/A       0%          3
 Vampiric Draining        Necr           100%       2d13      0%          3
 Airstrike                Air            49%        2d(7-23)  0%          4
 Anguish                  Hex/Necr       50%        N/A       0%          4
 Animate Armour           Summ/Erth      100%       N/A       0%          4
 Cause Fear               Hex            49%        N/A       0%          4
 Hailstorm                Conj/Ice       100%       3d20      0%          4
 Leda's Liquefaction      Hex/Erth       49%        N/A       0%          4
 Olgreb's Toxic Radiance  Pois           100%       N/A       0%          4
 Passage of Golubria      Tloc           98%        N/A       0%          4
 Petrify                  Tmut/Erth      100%       N/A       0%          4
 Blade Hands              Tmut           52%        N/A       0%          5
 Agony                    Necr           100%       N/A       1%          5
 Fireball                 Conj/Fire      49%        3d19      1%          5
 Freezing Cloud           Conj/Ice/Air   49%        6-21      1%          5
 Iskenderun's Battlesphe  Conj           98%        2d14      1%          5
 Lightning Bolt           Conj/Air       49%        1d69      1%          5
 Manifold Assault         Tloc           98%        N/A       1%          5
 Silence                  Hex/Air        49%        N/A       1%          5
 Summon Forest            Summ/Tloc      50%        N/A       1%          5
 Summon Mana Viper        Hex/Summ       100%       N/A       1%          5
 Conjure Ball Lightning   Conj/Air       49%        3x3d17    1%          6
 Dispersal                Tloc           49%        N/A       1%          6
 Summon Cactus Giant      Summ           51%        N/A       1%          6
 Dragon Form              Tmut           52%        N/A       1%          7
 Enfeeble                 Hex            49%        N/A       1%          7
 Spellforged Servitor     Conj/Summ      50%        N/A       1%          7
 Storm Form               Tmut/Air       50%        N/A       1%          7
 Dragon's Call            Summ           51%        N/A       38%         9
 Fire Storm               Conj/Fire      49%        8d12      61%         9


Dungeon Overview and Level Annotations

Branches:
Dungeon (15/15)            Temple (1/1) D:5            Lair (5/5) D:11
 Shoals (0/4) Lair:2        Snake (4/4) Lair:2        Slime (0/5) Lair:5
    Orc (2/2) D:9             Elf (3/3) Orc:2        Vaults (5/5) D:13
  Crypt (0/3) Vaults:2     Depths (0/4) D:15          IceCv (visited)
Desolation (visited)      Gauntlet (visited)

Altars:
Ashenzari
Cheibriados
Dithmenos
Elyvilon
Fedhas
Gozag
Hepliaklqana
Kikubaaqudgha
Makhleb
Nemelex Xobeh
Okawaru
Qazlal
Ru
Sif Muna
Trog
Uskayaw
Vehumet
Wu Jian
Xom
Yredelemnul
Zin
The Shining One
Jiyva
Lugonu

Shops:
D:2 (   D:6 *   D:8 (*[*[   Orc:1 [   Orc:2 *([!   Elf:1 (([[   Elf:2 [
Vaults:2 (

Portals:
Abyss: Lair:5

Annotations:
D:15 exclusion: door
Lair:1 3 runed translucent doors, funnyparkerb's ghost, journeyman DjFE
Lair:5 2 transporters, TheSexyCheese's ghost, journeyman HOFi
Snake:3 Roxanne
Orc:1 4 transporters
Elf:2 5 runed translucent doors
Elf:3 2 transporters, sleeves's ghost, adept TrHW


Innate Abilities, Weirdness & Mutations

You have very sharp teeth.
Your uncanny sense of smell can sniff out nearby items.
Your experience applies equally to all skills.


Message History

The bolt of acid misses you.
Your magical effects are unravelling.
You feel magically purged.
You feel slightly less contaminated with magical energies.
Your icy armour evaporates.
The frozen ramparts melt away.
The ancient lich points at you and mumbles some strange words.
You are slowing down.
The orc hits you but does no damage.
Unknown command.
You hit the ancient lich.
You bite the ancient lich, but do no damage.
The ancient lich is severely damaged.
You slash the orc! You freeze the orc.
You kill the orc!
The ancient lich touches you. You partially resist.
You feel drained.
The yaktaur captain shoots a bolt.
You reflect the bolt off your cursed +1 buckler "Eternal With Me" {reflect, Fort, Self}!
The bolt barely misses the yaktaur captain.
Your limbs are stiffening.
You slash the ancient lich! You freeze the ancient lich.
The ancient lich is almost destroyed.
The ancient lich closely misses you.
The yaktaur captain shoots a bolt.
The bolt hits you!!
You have turned to stone.
The ancient lich touches you!
The yaktaur captain shoots a bolt.
The bolt hits you!! The ancient lich touches you.
The yaktaur captain shoots a bolt.
The bolt hits you!!
* * * LOW HITPOINT WARNING * * *
The ancient lich points at you and mumbles some strange words.
The bolt of acid hits you!
* * * LOW HITPOINT WARNING * * *
The yaktaur captain shoots a bolt.
The bolt hits you.
* * * LOW HITPOINT WARNING * * *
You feel less contaminated with magical energies.
The ancient lich casts a spell at you. The crystal spear hits you!!!!
* * * LOW HITPOINT WARNING * * *
The yaktaur captain shoots a bolt.
The bolt hits you!!
You die...

,,,, , ,,, ,#.)..#. * ,
, , , ∆,########..).#. ,
**∆,,, ###......#....#.
* ,, *∆ ,,
##........#..).#. , ,,
*∆ , #......##.#....#. ,
** ** ,
##....###..#....#. ,,,*
, ,.#....##....#....#. *
, ,.#.)..#.....#....#. ,
, , *, ,
.#@(.##.....#...... , ,
,,#.c.))L.#......#....#.
,,,
,#.......#......)......
* ##############........
, , ,
,................... ,
,,, ,
................... ** *
* *###################
#########


You could see an ancient lich (invisible) and a yaktaur captain.

Vanquished Creatures
  Frederick (Vaults:5)
  A bone dragon (Vaults:2)
  Jorgrun (Orc:2)
  Mlioglotl (Snake:3)
  2 tentacled monstrosities (Vaults:5)
  2 liches (Vaults:5)
  A deep elf blademaster (Elf:3)
  3 deep elf master archers (Elf:3)
  5 titans (Vaults:5)
  2 quicksilver dragons (Snake:4)
  9 sphinxes
  4 shadow dragons
  3 tengu reavers (Vaults:5)
  Kirke (D:15)
  3 storm dragons
  2 nagarajas (Snake:4)
  7 fire giants
  12 deep elf sorcerers
  9 deep elf elementalists (Elf:3)
  2 frost giants
  2 imperial myrmidons (Desolation)
  2 orc warlords (Orc:1)
  Aizul (Snake:4)
  17 vault wardens
  27 ironbound preservers
  Louise (Snake:3)
  5 very ugly things
  7 stone giants
  3 war gargoyles
  10 ironbound thunderhulks
  2 halazid warlocks (Desolation)
  8 deep elf annihilators
  6 deep elf demonologists (Elf:3)
  6 dire elephants
  Azrael (Orc:2)
  2 entropy weavers
  A bunyip (shapeshifter) (Elf:1)
  A spark wasp (shapeshifter) (Vaults:5)
  Snorg (D:10)
  2 fire dragons (Elf:1)
  7 ettins
  3 deep elf death magi
  A crystal guardian (Desolation)
  6 ragged hierophants (Desolation)
  32 vault guards
  6 great orbs of eyes
  A caustic shrike simulacrum (IceCv)
  15 yaktaur captains
  8 deep elf high priests
  7 hydras
  5 servants of whispers (Desolation)
  A rakshasa (D:15)
  7 peacekeepers
  Harold (Orc:1)
  2 ogre magi
  4 salamander tyrants
  3 ironbound frosthearts
  11 anacondas
  10 naga warriors
  2 boulder beetles
  20 dancing weapons
  5 centaur warriors (Vaults:4)
  A tengu warrior (D:15)
  5 death yaks
  6 two-headed ogres
  7 shock serpents
  A shock serpent (shapeshifter) (Elf:3)
  6 orc high priests (Orc:2)
  9 deep elf knights
  6 naga sharpshooters
  A fire crab (Gauntlet)
  43 deep trolls
  An obsidian statue (IceCv)
  5 naga ritualists
  3 bog bodies (IceCv)
  4 phantasmal warriors (Vaults:5)
  24 ironbound convokers
  29 deep elf pyromancers
  Pikel (D:6)
  10 wizards
  12 deep elf archers
  6 harpies
  25 deep elf zephyrmancers
  15 lindwurms
  5 orc knights
  20 ugly things
  11 mana vipers
  4 cyclopes
  2 orc sorcerers (Orc:1)
  9 salamanders
  5 manticores
  7 guardian serpents
  14 vault sentinels
  5 elephants (Lair:4)
  Joseph (D:9)
  A molten gargoyle (Desolation)
  A water nymph (shapeshifter) (Vaults:5)
  A smoke demon (Lair:5)
  9 naga magi
  A torpor snail (Lair:5)
  5 cane toads
  45 black mambas
  A black mamba (shapeshifter) (Elf:1)
  A gargoyle (D:11)
  Maggie (D:9)
  A rime drake (shapeshifter) (Elf:1)
  20 yaktaurs
  A rime drake (Lair:2)
  2 unseen horrors (D:12)
  4 komodo dragons
  3 anaconda simulacra (IceCv)
  2 efreet
  An ice devil (IceCv)
  9 freezing wraiths
  A golden dragon simulacrum (IceCv)
  3 meliai (D:13)
  7 trolls
  2 polar bears
  A wolf spider simulacrum (D:15)
  29 saltlings (Desolation)
  19 blink frogs
  26 slime creatures
  A tarantella (Vaults:3)
  Sigmund (D:5)
  2 air elementals (Elf:3)
  A shadow (D:9)
  2 water elementals (Elf:3)
  3 small abominations (Lair:5)
  2 wyverns
  5 basilisks
  3 hogs (D:15)
  2 steam dragons (D:7)
  2 fire bats (Gauntlet)
  7 fire elementals
  7 vampire mosquitoes
  37 yaks
  4 redbacks
  A chaos spawn (Lair:5)
  A redback (shapeshifter) (Vaults:5)
  Edmund (D:5)
  10 wargs
  19 nagas
  A hydra simulacrum (IceCv)
  An acid dragon (D:9)
  7 hell hounds
  12 water moccasins
  2 sky beasts
  23 orc warriors
  2 black bears
  An ice beast (D:8)
  4 alligator simulacra (IceCv)
  9 ogres
  43 wolves
  3 centaurs
  2 kobold brigands
  4 lemures (D:6)
  5 bullfrogs
  2 gnoll sergeants
  A deep troll simulacrum (IceCv)
  3 earth elementals
  2 scorpions (D:4)
  29 killer bees
  2 howler monkeys
  29 orc priests
  4 jellies
  2 gnoll boudas
  4 hounds
  Natasha (thrice) (D:2)
  6 iguanas
  12 orc wizards
  3 ogre zombies (D:9)
  19 gnolls
  11 adders
  2 shadow imps
  3 white imps
  An ufetubus (D:6)
  5 worms
  4 dart slugs
  76 orcs
  6 ball pythons
  6 bats
  7 endoplasms
  A giant cockroach (D:2)
  6 goblins
  9 hobgoblins
  10 jackals
  5 quokkas
  4 frilled lizards
  A goblin zombie (D:9)
  3 hobgoblin zombies (D:9)
  14 kobolds
  An orc skeleton (D:9)
  An orc zombie (D:9)
  3 rats
1363 creatures vanquished.

Vanquished Creatures (collateral kills)
  Bai Suzhen (Vaults:2)
  A lich (IceCv)
  Rupert (Orc:2)
  A halazid warlock (Desolation)
  A minotaur (Gauntlet)
  3 ragged hierophants (Desolation)
  A boulder beetle (Lair:2)
  6 hydras
  A catoblepas (Lair:5)
  2 caustic shrike simulacra (IceCv)
  A centaur warrior (D:15)
  A tengu warrior (D:15)
  A death yak (Lair:3)
  A two-headed ogre (D:13)
  An orc high priest (Orc:2)
  2 thrashing horrors (Lair:5)
  9 skeletal warriors
  2 bog bodies (IceCv)
  A spriggan simulacrum (IceCv)
  A necromancer (IceCv)
  A wizard (D:15)
  2 ugly things
  An orc knight (Orc:2)
  A deep elf pyromancer (D:15)
  An orc sorcerer (Orc:1)
  3 cyclopes (D:15)
  5 manticores
  An elephant (Lair:4)
  A merfolk siren (Lair:2)
  A black mamba (Lair:2)
  2 gargoyles
  2 smoke demons (Lair:5)
  3 komodo dragons
  11 freezing wraiths
  A cane toad (Lair:4)
  2 anaconda simulacra (IceCv)
  An ice devil (IceCv)
  A golden dragon simulacrum (IceCv)
  3 ancient zymes (Lair:5)
  2 polar bears (Lair:5)
  3 trolls
  A hornet (Lair:3)
  15 saltlings (Desolation)
  11 blink frogs
  5 small abominations (Lair:5)
  2 dire elephant simulacra (IceCv)
  A spriggan (Lair:5)
  2 shadows
  A basilisk (Lair:5)
  A vampire (D:12)
  A ynoxinul (Lair:5)
  2 hogs (D:15)
  7 yaks
  A fire bat (Gauntlet)
  A wyvern (D:11)
  2 chaos spawn (Lair:5)
  A minotaur simulacrum (IceCv)
  3 vampire mosquitoes
  A harpy simulacrum (IceCv)
  A hydra simulacrum (IceCv)
  3 water moccasins
  5 orc warriors (Orc:1)
  An ogre (D:14)
  14 wolves
  3 centaurs (D:15)
  A phantom (D:9)
  6 bullfrogs
  A deep troll simulacrum (IceCv)
  A gnoll sergeant (D:11)
  8 wights (D:9)
  2 troll zombies (D:9)
  A lindwurm simulacrum (IceCv)
  2 howler monkeys (D:11)
  8 orc priests
  3 ogre zombies (D:9)
  3 gnolls (D:11)
  7 orcs
  4 goblin zombies (D:9)
  A hobgoblin skeleton (D:9)
  2 hobgoblin zombies (D:9)
  2 orc skeletons (D:9)
  9 orc zombies (D:9)
232 creatures vanquished.

Vanquished Creatures (others)
  Nikola (Elf:3)
  An ironbound thunderhulk (Vaults:2)
  A deep troll earth mage (Vaults:5)
  A deep elf zephyrmancer (Elf:2)
  A human (D:15)
  47 fungi
  63 plants
  2 starspawn tentacles (Snake:3)
117 creatures vanquished.

Grand Total: 1712 creatures vanquished

Notes
Turn   | Place    | Note
-------+----------+-------------------------------------------
     0 | D:1      | juncz the Gnoll Ice Elementalist began the quest for the
                  | Orb.
     0 | D:1      | Reached XP level 1. HP: 13/13 MP: 6/6
    14 | D:1      | Found a faded altar of an unknown god.
   134 | D:1      | Reached XP level 2. HP: 6/20 MP: 3/7
   658 | D:1      | Reached skill level 5 in Spellcasting
   658 | D:1      | Reached XP level 3. HP: 25/25 MP: 5/9
   664 | D:1      | Learned a level 3 spell: Frozen Ramparts
   668 | D:1      | Learned a level 3 spell: Ozocubu's Armour
   979 | D:1      | Reached skill level 1 in Invocations
  1532 | D:2      | Reached skill level 1 in Fighting
  1532 | D:2      | Reached skill level 1 in Short Blades
  1532 | D:2      | Reached skill level 1 in Long Blades
  1532 | D:2      | Reached skill level 1 in Axes
  1532 | D:2      | Reached skill level 1 in Maces & Flails
  1532 | D:2      | Reached skill level 1 in Polearms
  1532 | D:2      | Reached skill level 1 in Staves
  1532 | D:2      | Reached skill level 1 in Ranged Weapons
  1532 | D:2      | Reached skill level 1 in Throwing
  1532 | D:2      | Reached skill level 1 in Armour
  1532 | D:2      | Reached skill level 1 in Shields
  1532 | D:2      | Reached skill level 1 in Unarmed Combat
  1532 | D:2      | Reached skill level 1 in Evocations
  1799 | D:2      | Reached XP level 4. HP: 32/32 MP: 7/11
  2023 | D:2      | Reached skill level 1 in Conjurations
  2023 | D:2      | Reached skill level 1 in Hexes
  2023 | D:2      | Reached skill level 1 in Summonings
  2023 | D:2      | Reached skill level 1 in Necromancy
  2023 | D:2      | Reached skill level 1 in Translocations
  2023 | D:2      | Reached skill level 1 in Transmutations
  2023 | D:2      | Reached skill level 1 in Fire Magic
  2023 | D:2      | Reached skill level 1 in Air Magic
  2023 | D:2      | Reached skill level 1 in Earth Magic
  2023 | D:2      | Reached skill level 1 in Poison Magic
  2072 | D:2      | Noticed Natasha
  2077 | D:2      | Killed Natasha
  2276 | D:2      | Noticed Natasha
  2283 | D:2      | Killed Natasha
  2284 | D:2      | Reached XP level 5. HP: 37/37 MP: 8/12
  2451 | D:2      | Found Reh Pasu's Antique Weapon Emporium.
  2519 | D:2      | Noticed Natasha
  2526 | D:2      | Killed Natasha
  3237 | D:3      | Reached XP level 6. HP: 39/44 MP: 10/13
  3766 | D:3      | Reached skill level 5 in Dodging
  3766 | D:3      | Reached skill level 2 in Unarmed Combat
  4527 | D:4      | Reached XP level 7. HP: 51/51 MP: 5/15
  5121 | D:4      | Reached skill level 5 in Stealth
  5795 | D:5      | Entered Level 5 of the Dungeon
  5838 | D:5      | Reached skill level 3 in Unarmed Combat
  5838 | D:5      | Reached XP level 8. HP: 39/58 MP: 5/16
  6574 | D:5      | Found a staircase to the Ecumenical Temple.
  6642 | D:5      | Noticed Sigmund
  6655 | D:5      | Killed Sigmund
  6826 | D:5      | Noticed Edmund
  6835 | D:5      | Killed Edmund
  7033 | Temple   | Entered the Ecumenical Temple
  7416 | Temple   | Became a worshipper of Ashenzari the Shackled
  8026 | D:6      | Noticed Pikel
  8039 | D:6      | Killed Pikel
  8040 | D:6      | Reached skill level 4 in Unarmed Combat
  8040 | D:6      | Reached XP level 9. HP: 59/65 MP: 1/18
  8730 | D:6      | Found Taukam's General Store.
  8996 | D:7      | Reached skill level 5 in Invocations
  9289 | D:7      | Reached skill level 5 in Fighting
  9289 | D:7      | Reached skill level 5 in Short Blades
  9289 | D:7      | Reached skill level 5 in Long Blades
  9289 | D:7      | Reached skill level 5 in Axes
  9289 | D:7      | Reached skill level 5 in Maces & Flails
  9289 | D:7      | Reached skill level 5 in Polearms
  9289 | D:7      | Reached skill level 5 in Staves
  9289 | D:7      | Reached skill level 5 in Ranged Weapons
  9289 | D:7      | Reached skill level 5 in Throwing
  9289 | D:7      | Reached skill level 5 in Armour
  9289 | D:7      | Reached skill level 5 in Shields
  9289 | D:7      | Reached skill level 5 in Unarmed Combat
  9289 | D:7      | Reached skill level 5 in Evocations
  9289 | D:7      | Reached XP level 10. HP: 63/74 MP: 2/20
 10032 | D:8      | Found Gyshrena's Mayhem Merchandise.
 10045 | D:8      | Noticed a two-headed ogre
 10059 | D:8      | Killed a two-headed ogre
 10237 | D:8      | Found Mujeut's Assorted Antiques.
 10240 | D:8      | Found Potat's Armour Emporium.
 10519 | D:8      | Found Myoxod's Antique Weapon Shoppe.
 10663 | D:8      | Found Cuero's Antique Armour Boutique.
 10666 | D:8      | Bought a pair of runed gloves for 232 gold pieces
 10846 | D:9      | Identified the +8 quarterstaff of Irritation {venom, rF+
                  | rC- Dex+2}
 11028 | D:9      | Reached skill level 6 in Unarmed Combat
 11139 | D:9      | Reached skill level 5 in Conjurations
 11139 | D:9      | Reached skill level 5 in Hexes
 11139 | D:9      | Reached skill level 5 in Summonings
 11139 | D:9      | Reached skill level 5 in Necromancy
 11139 | D:9      | Reached skill level 5 in Translocations
 11139 | D:9      | Reached skill level 5 in Transmutations
 11139 | D:9      | Reached skill level 5 in Fire Magic
 11139 | D:9      | Reached skill level 5 in Air Magic
 11139 | D:9      | Reached skill level 5 in Earth Magic
 11139 | D:9      | Reached skill level 5 in Poison Magic
 11155 | D:9      | Reached XP level 11. HP: 83/83 MP: 15/23
 11402 | D:9      | Noticed a two-headed ogre
 11416 | D:9      | Killed a two-headed ogre
 11456 | D:9      | Learned a level 4 spell: Summon Lightning Spire
 11529 | D:9      | Reached * piety under Ashenzari
 11618 | D:9      | Noticed a two-headed ogre
 11623 | D:9      | Noticed Maggie
 11628 | D:9      | Noticed Joseph
 11632 | D:9      | Killed a two-headed ogre
 11643 | D:9      | Killed Joseph
 11645 | D:9      | Killed Maggie
 12491 | D:9      | Found a staircase to the Orcish Mines.
 13229 | D:10     | Entered Level 10 of the Dungeon
 13244 | D:10     | Noticed Snorg
 13260 | D:10     | Killed Snorg
 13616 | D:10     | Found a hazy altar of Hepliaklqana.
 14526 | D:11     | Noticed a seven-headed hydra
 14549 | D:11     | Killed a seven-headed hydra
 14550 | D:11     | Reached skill level 7 in Unarmed Combat
 14730 | D:11     | Noticed a purple ugly thing
 14744 | D:11     | Killed a purple ugly thing
 14745 | D:11     | Reached XP level 12. HP: 94/94 MP: 23/26
 14919 | D:11     | Identified the +0 trident of the Whale {holy, Str+4}
 15139 | D:11     | Found a staircase to the Lair.
 16409 | Lair:1   | Entered Level 1 of the Lair of Beasts
 16543 | Lair:1   | Found the +7 Kryia's mail coat {PotionHeal*2 rC+}
 16596 | Lair:1   | Identified the +7 quarterstaff "Awkel" {vorpal, rC+}
 16618 | Lair:1   | Found a runed translucent gate.
 16618 | Lair:1   | Found a runed translucent gate.
 16618 | Lair:1   | Found a runed translucent gate.
 16624 | Lair:1   | Noticed a six-headed hydra
 16632 | Lair:1   | Killed a six-headed hydra
 17085 | Lair:1   | Noticed funnyparkerb's ghost (journeyman DjFE)
 17287 | Lair:2   | Identified a scroll of acquirement
 17306 | Lair:2   | Acquired the amulet "Ytsy" {Regen+ Int+3 Dex-2 Slay+2}
 17475 | Lair:2   | Reached skill level 8 in Unarmed Combat
 17498 | Lair:2   | Reached XP level 13. HP: 101/101 MP: 10/27
 17645 | Lair:2   | Reached skill level 10 in Ice Magic
 18409 | Lair:2   | Found a staircase to the Snake Pit.
 18775 | Lair:2   | Found a staircase to the Shoals.
 19295 | Lair:3   | Reached skill level 10 in Spellcasting
 19442 | Lair:3   | Reached skill level 10 in Dodging
 19478 | Lair:3   | Found a gate leading to a gauntlet.
 19484 | Gauntlet | Entered a Gauntlet
 19484 | Gauntlet | Found a transporter.
 19484 | Gauntlet | Found a transporter.
 19598 | Gauntlet | Found a transporter.
 19601 | Gauntlet | Found a transporter.
 19601 | Gauntlet | Found a transporter.
 19603 | Gauntlet | Found a large runed translucent door.
 19604 | Gauntlet | Found a large runed translucent door.
 19605 | Gauntlet | Found a large runed translucent door.
 19605 | Gauntlet | Found a large runed translucent door.
 19605 | Gauntlet | Found a runed translucent door.
 19606 | Gauntlet | Found a large runed translucent door.
 19606 | Gauntlet | Identified the +2 pair of gloves of Heresy {Will+ Int+5
                  | SInv}
 19607 | Gauntlet | Found a large runed translucent door.
 19608 | Gauntlet | Found a large runed translucent door.
 19608 | Gauntlet | Found a large runed translucent door.
 19609 | Gauntlet | Found a runed translucent gate.
 19611 | Gauntlet | Found a transporter.
 19618 | Gauntlet | Reached ** piety under Ashenzari
 19619 | Gauntlet | Found a transporter.
 19619 | Gauntlet | Found a runed translucent gate.
 19620 | Gauntlet | Found a runed translucent gate.
 19620 | Gauntlet | Found a runed translucent door.
 19621 | Gauntlet | Found a large runed translucent door.
 19621 | Gauntlet | Found a large runed translucent door.
 19622 | Gauntlet | Found a large runed translucent door.
 19623 | Gauntlet | Found a large runed translucent door.
 19625 | Gauntlet | Found a transporter.
 19633 | Gauntlet | Found a transporter.
 19654 | Gauntlet | Found a transporter.
 19661 | Gauntlet | Found a transporter.
 19675 | Gauntlet | Found a transporter.
 19757 | Gauntlet | Found a large runed translucent door.
 19757 | Gauntlet | Found a large runed translucent door.
 19758 | Gauntlet | Found a large runed translucent door.
 19759 | Gauntlet | Found a large runed translucent door.
 20017 | Gauntlet | Noticed a minotaur
 20029 | Gauntlet | Killed a minotaur
 20101 | Lair:3   | Reached skill level 10 in Stealth
 20101 | Lair:3   | Reached skill level 9 in Unarmed Combat
 20234 | Lair:3   | Reached skill level 10 in Invocations
 20234 | Lair:3   | Reached XP level 14. HP: 111/111 MP: 11/29
 22511 | Lair:5   | Entered Level 5 of the Lair of Beasts
 22704 | Lair:5   | Found a glowing golden altar of the Shining One.
 22711 | Lair:5   | Found a transporter.
 23347 | Lair:5   | Found a transporter.
 23354 | Lair:5   | Noticed TheSexyCheese's ghost (journeyman HOFi)
 23831 | Lair:5   | Found a viscous altar of Jiyva.
 23831 | Lair:5   | Found a staircase to the Slime Pits.
 24844 | Lair:5   | Identified the +2 rapier "Plog" {spect, Drain rCorr Int+4}
 24860 | Lair:5   | Reached skill level 10 in Fighting
 24860 | Lair:5   | Reached skill level 10 in Short Blades
 24860 | Lair:5   | Reached skill level 10 in Long Blades
 24860 | Lair:5   | Reached skill level 10 in Axes
 24860 | Lair:5   | Reached skill level 10 in Maces & Flails
 24860 | Lair:5   | Reached skill level 10 in Polearms
 24860 | Lair:5   | Reached skill level 10 in Staves
 24860 | Lair:5   | Reached skill level 10 in Ranged Weapons
 24860 | Lair:5   | Reached skill level 10 in Throwing
 24860 | Lair:5   | Reached skill level 10 in Armour
 24860 | Lair:5   | Reached skill level 10 in Shields
 24860 | Lair:5   | Reached skill level 10 in Unarmed Combat
 24860 | Lair:5   | Reached skill level 10 in Evocations
 25243 | Lair:5   | Found a corrupted altar of Lugonu.
 25243 | Lair:5   | Found a one-way gate to the infinite horrors of the Abyss.
 26048 | D:12     | Reached XP level 15. HP: 122/122 MP: 28/32
 26603 | D:14     | Found a frozen archway.
 26609 | IceCv    | Entered an ice cave
 27242 | IceCv    | Learned a level 3 spell: Stone Arrow
 28046 | IceCv    | Found an ancient bone altar of Kikubaaqudgha.
 29358 | IceCv    | Noticed a lich
 29367 | IceCv    | Killed a lich
 29422 | IceCv    | Identified the ring of Xata {rElec rN+ Int+4 Dex+3}
 29554 | D:14     | Learned a level 7 spell: Ozocubu's Refrigeration
 30742 | D:15     | Entered Level 15 of the Dungeon
 30911 | D:15     | Found a staircase to the Depths.
 31083 | D:15     | Identified the +8 flail "Heqynt" {antimagic, Int+4}
 31257 | D:15     | Noticed Kirke
 31273 | D:15     | Killed Kirke
 31401 | D:15     | Reached XP level 16. HP: 132/132 MP: 22/35
 31899 | D:15     | Reached skill level 11 in Unarmed Combat
 32157 | D:15     | Found a shadowy altar of Dithmenos.
 33610 | D:13     | Found a gate to the Vaults.
 33954 | Orc:1    | Entered Level 1 of the Orcish Mines
 34750 | Orc:2    | Entered Level 2 of the Orcish Mines
 35575 | Orc:2    | Noticed Azrael
 35578 | Orc:2    | Killed Azrael
 35995 | Orc:2    | Noticed Jorgrun
 36008 | Orc:2    | Killed Jorgrun
 36864 | Orc:2    | Noticed Rupert
 36878 | Orc:2    | Killed Rupert
 37347 | Orc:2    | Found Asecvu Rakhe's Weapon Shoppe.
 37347 | Orc:2    | Found Vakurre's Assorted Antiques.
 37361 | Orc:2    | Bought a jewelled war axe for 314 gold pieces
 37361 | Orc:2    | Identified the +11 war axe "Impbane" {freeze, rC+ rN+
                  | Str+5} (You bought it in a shop on level 2 of the Orcish
                  | Mines)
 37731 | Orc:2    | Found a staircase to the Elven Halls.
 38736 | Orc:2    | Found Tuptiv's Distillery.
 38736 | Orc:2    | Found Boridege's Armour Shop.
 40173 | Orc:1    | Found Hetet's Antique Armour Shoppe.
 40259 | Orc:1    | Bought a spiked helmet for 209 gold pieces
 40259 | Orc:1    | Identified the +4 helmet of Elitism {Contam *Corrode Dex+6
                  | SInv} (You bought it in a shop on level 1 of the Orcish
                  | Mines)
 40259 | Orc:1    | Bought a slimy robe for 125 gold pieces
 40259 | Orc:1    | Identified the +1 robe of Eye-covered Awe {Rampage Regen+
                  | Int+3 Slay+5} (You bought it in a shop on level 1 of the
                  | Orcish Mines)
 40259 | Orc:1    | Bought a pair of embroidered boots for 165 gold pieces
 40259 | Orc:1    | Bought a runed cloak for 165 gold pieces
 40358 | Orc:1    | Found a shimmering blue altar of Sif Muna.
 40424 | Orc:1    | Found an ornate altar of the Wu Jian Council.
 40424 | Orc:1    | Found a transporter.
 40431 | Orc:1    | Noticed Harold
 40443 | Orc:1    | Killed Harold
 40735 | Orc:1    | Found a transporter.
 40754 | Orc:1    | Found a transporter.
 40869 | Orc:1    | Found a transporter.
 40869 | Orc:1    | Found an ornate altar of the Wu Jian Council.
 40956 | Orc:1    | Learned a level 5 spell: Irradiate
 41012 | Elf:1    | Entered Level 1 of the Elven Halls
 41284 | Elf:1    | Found a crumbling gateway.
 41288 | Desolati | Entered the Desolation of Salt
 41699 | Desolati | Identified the ring of the Endless Expanse {rN+ MP+9 Str-2
                  | Stlth+}
 41712 | Desolati | Reached XP level 17. HP: 132/140 MP: 7/36
 41821 | Desolati | Identified the Essays on the Incandescent Mountains
 41822 | Desolati | Identified the +6 flail of a Hundred Scars {elec, rF+
                  | Will+}
 41981 | Desolati | Identified the ring of the Cicada {rF- Str+6 Int+4 SInv}
 41998 | Desolati | Reached skill level 10 in Conjurations
 41998 | Desolati | Reached skill level 10 in Hexes
 41998 | Desolati | Reached skill level 10 in Summonings
 41998 | Desolati | Reached skill level 10 in Necromancy
 41998 | Desolati | Reached skill level 10 in Translocations
 41998 | Desolati | Reached skill level 10 in Transmutations
 41998 | Desolati | Reached skill level 10 in Fire Magic
 41998 | Desolati | Reached skill level 10 in Air Magic
 41998 | Desolati | Reached skill level 10 in Earth Magic
 41998 | Desolati | Reached skill level 10 in Poison Magic
 42614 | Desolati | Found the +2 Maxwell's thermic engine {flame, freeze}
 42667 | Desolati | Found the +4 moon troll leather armour {Spirit, Regen++
                  | MP+5}
 42757 | Desolati | Reached skill level 12 in Unarmed Combat
 43441 | Desolati | Identified the amulet "Peoj" {Reflect rCorr SH+5 Stlth+}
 43605 | Desolati | Identified the +1 scale mail of the Eternal Void {Harm
                  | rN+++ Str-4 Int-4}
 44066 | Elf:1    | Found Lokikown's Antique Weapon Emporium.
 44076 | Elf:1    | Found Tiunow's Weapon Shoppe.
 45007 | Elf:1    | Found Amoesel's Armour Shoppe.
 45021 | Elf:1    | Found Sooreilopt's Antique Armour Shop.
 45978 | Elf:1    | Identified the Anthology of Helpful Battle Magic
 46124 | Elf:1    | Noticed a sphinx
 46125 | Elf:1    | Noticed a sphinx
 46125 | Elf:1    | Noticed a sphinx
 46129 | Elf:1    | Noticed a sphinx
 46133 | Elf:1    | Killed a sphinx
 46134 | Elf:1    | Killed a sphinx
 46135 | Elf:1    | Reached XP level 18. HP: 108/149 MP: 3/38
 46512 | Elf:2    | Found Tiuggaori's Antique Armour Shop.
 46584 | Elf:2    | Bought a runed buckler for 165 gold pieces
 48022 | Elf:2    | Found a huge runed translucent gate.
 48022 | Elf:2    | Found a huge runed translucent gate.
 48023 | Elf:2    | Found a huge runed translucent gate.
 48024 | Elf:2    | Found a huge runed translucent gate.
 48031 | Elf:2    | Found a huge runed translucent gate.
 48525 | Elf:3    | Entered Level 3 of the Elven Halls
 49050 | Elf:3    | Found a shimmering blue altar of Sif Muna.
 49072 | Elf:3    | Found a transporter.
 49075 | Elf:3    | Noticed sleeves's ghost (adept TrHW)
 49075 | Elf:3    | Identified the ring of the Hurtling Gods {Contam rC+ Int+7}
 49075 | Elf:3    | Identified the ring "Xaococao" {rPois rF+ Int+2 Stlth+}
 49313 | Elf:3    | Noticed a Brimstone Fiend
 49317 | Elf:3    | Noticed a Tzitzimitl
 49344 | Elf:3    | Noticed a Tzitzimitl
 49767 | Elf:3    | Paralysed by an air elemental for 1 turns
 49965 | Elf:3    | Reached skill level 13 in Unarmed Combat
 50324 | Elf:3    | Noticed a deep elf master archer
 50326 | Elf:3    | Killed a deep elf master archer
 50571 | Elf:3    | Noticed Nikola
 50588 | Elf:3    | Killed Nikola
 50620 | Elf:3    | Identified the +4 ring mail of a wizard's laboratory {rF+++
                  | Will- Regen+ MP-9}
 51303 | Elf:3    | Identified the ring "Jyry" {Wiz rC- Str+3 Slay+2}
 51331 | Elf:3    | Reached XP level 19. HP: 92/157 MP: 3/40
 51415 | Elf:3    | Found a transporter.
 51484 | Elf:3    | Identified the +1 leather armour "Ywifutto" {rN+ Dex+4}
 52619 | Elf:3    | Identified the +1 shortbow of Nemoerr {vorpal, rN++ Str-3
                  | Int+5}
 52621 | Elf:3    | Identified the +6 chain mail of Fuown {rElec rN+ Dex-2}
 52623 | Elf:3    | Identified the +1 scale mail of Autumn {+Inv rElec rF-
                  | Int+4}
 52651 | Elf:3    | Identified the Discourse on Wintry Metal
 52882 | Elf:3    | Noticed a shard shrike
 53157 | Snake:1  | Entered Level 1 of the Snake Pit
 56537 | Snake:2  | Reached skill level 14 in Unarmed Combat
 57655 | Snake:3  | Noticed Mlioglotl
 58360 | Snake:3  | Killed Mlioglotl
 58361 | Snake:3  | Reached skill level 15 in Invocations
 59034 | Snake:3  | Noticed Roxanne
 59051 | Snake:3  | Noticed Louise
 59056 | Snake:3  | Killed Louise
 59745 | Snake:4  | Entered Level 4 of the Snake Pit
 60336 | Snake:4  | Reached XP level 20. HP: 167/167 MP: 19/41
 61296 | Snake:4  | Noticed Aizul
 61307 | Snake:4  | Killed Aizul
 62978 | Snake:4  | Got a serpentine rune of Zot
 63349 | Vaults:1 | Entered Level 1 of the Vaults
 64094 | Vaults:1 | Reached skill level 15 in Spellcasting
 64134 | Vaults:1 | Reached skill level 15 in Unarmed Combat
 64868 | Vaults:1 | Reached skill level 15 in Dodging
 65668 | Vaults:1 | Reached skill level 15 in Stealth
 66035 | Vaults:1 | Reached *** piety under Ashenzari
 66660 | Vaults:2 | Reached XP level 21. HP: 180/180 MP: 2/44
 67091 | Vaults:2 | Noticed Bai Suzhen
 67122 | Vaults:2 | Killed Bai Suzhen
 67589 | Vaults:2 | Noticed a bone dragon
 67602 | Vaults:2 | Learned a level 8 spell: Lehudib's Crystal Spear
 67611 | Vaults:2 | Learned a level 8 spell: Maxwell's Capacitive Coupling
 67618 | Vaults:2 | Killed a bone dragon
 67619 | Vaults:2 | Reached skill level 16 in Unarmed Combat
 67690 | Vaults:2 | Found a staircase to the Crypt.
 67771 | Vaults:2 | Found Zostrefi's Weapon Boutique.
 67801 | Vaults:2 | Identified the +2 quarterstaff of the Tooth {protect,
                  | Contam rElec rN++ Int+2}
 67966 | Vaults:2 | Reached **** piety under Ashenzari
 68402 | Vaults:3 | Identified the +7 arbalest of Xoiqez {elec, rElec rC+}
 68677 | Vaults:3 | Reached skill level 15 in Fighting
 68677 | Vaults:3 | Reached skill level 15 in Short Blades
 68677 | Vaults:3 | Reached skill level 15 in Long Blades
 68677 | Vaults:3 | Reached skill level 15 in Axes
 68677 | Vaults:3 | Reached skill level 15 in Maces & Flails
 68677 | Vaults:3 | Reached skill level 15 in Polearms
 68677 | Vaults:3 | Reached skill level 15 in Staves
 68677 | Vaults:3 | Reached skill level 15 in Ranged Weapons
 68677 | Vaults:3 | Reached skill level 15 in Throwing
 68677 | Vaults:3 | Reached skill level 15 in Armour
 68677 | Vaults:3 | Reached skill level 15 in Shields
 68677 | Vaults:3 | Reached skill level 15 in Evocations
 68928 | Vaults:3 | Identified the +1 leather armour of the Meadowlark {rC+
                  | Will+ MP+9}
 69198 | Vaults:3 | Learned a level 7 spell: Orb of Destruction
 70696 | Vaults:4 | Reached XP level 22. HP: 121/196 MP: 46/48
 71227 | Vaults:4 | Reached skill level 17 in Unarmed Combat
 72111 | Vaults:5 | Entered Level 5 of the Vaults
 73056 | Vaults:5 | Reached skill level 15 in Ice Magic
 75217 | Vaults:5 | Identified the +3 quarterstaff of Uwoix {vorpal, Fragile
                  | rPois rCorr Dex+5}
 75220 | Vaults:5 | Reached skill level 18 in Unarmed Combat
 75512 | Vaults:4 | Reached XP level 23. HP: 120/205 MP: 4/50
 76586 | Vaults:5 | Noticed Frederick
 76590 | Vaults:5 | Killed Frederick
 76665 | Vaults:5 | Got a silver rune of Zot
 76691 | Vaults:5 | Learned a level 8 spell: Ignition
 76755 | Vaults:5 | Identified the +5 quarterstaff "Bemm" {holy, *Corrode Fly
                  | rC++ Int+4}
 76764 | Vaults:5 | Noticed an ancient lich
 76764 | Vaults:5 | Identified the +1 chain mail of Immorality {Will+ Stlth+}
 76776 | Vaults:5 | HP: 6/204 [ancient lich/crystal spear (36)]
 76776 | Vaults:5 | Shot with a bolt by a yaktaur captain

Illustrated notes

Levels and vault maps discovered:
D:1:      minmay_arrival_doors, layout_basic,
          ebering_ecumenical_altar_sacrificial
D:2:      layout_basic, serial_shops, shop_fountains, uniq_natasha
D:3:      layout_basic, minivault_14
D:4:      layout_rooms, serial_bayou, serial_bayou_pond_b, serial_bayou_lake_a,
          serial_bayou_pond_b, serial_bayou_shore_a, serial_bayou_ford_a,
          serial_bayou_crossing, minmay_cupped
D:5:      layout_basic, temple_hall, sigmund_edmund_badplayer
D:6:      minmay_chambers_of_threes, layout_rooms, serial_shops,
          nicolae_stop_n_shop_2, uniq_pikel
D:7:      layout_cave_pools
D:8:      layout_rooms, serial_shops, shop, nicolae_shop_trees, kennysheep_mini,
          nicolae_stop_n_shop_1, minmay_shop_mayhem
D:9:      layout_basic, zombieorc2_lemuel, uniq_joseph, uniq_maggie
D:10:     nicolae_BIG_FREAKIN_CUBE, layout_small_grid,
          mainiacjoe_overflow_brackets, grunt_ministairs_13, uniq_snorg
D:11:     layout_long_grid, lair_entry_dummy, chequers_hall_statues_corner_a
D:12:     layout_irregular_city
D:13:     layout_layer_cave, erik_vaults_1
D:14:     layout_irregular_city, portal_ice_cave_entry_pillars_three
D:15:     grunt_enter_depths_snipers, layout_loops_cross,
          nicolae_dithmenos_through_a_glass_darkly, uniq_kirke
Temple:   mainiacjoe_temple_trianglar_array
Lair:1:   layout_loops_ring, gammafunk_ghost_necromancy, grunt_megastairs_2,
          infiniplex_staircase_pool_2
Lair:2:   layout_layer_cave, elwin_shoals_entry_rooms,
          minmay_snake_entry_six_corridors, grunt_megastairs_1,
          lemuel_fruit_tree
Lair:3:   layout_chaotic_city, gauntlet_entry_generic,
          grunt_forest_large_clearings
Lair:4:   layout_long_grid
Lair:5:   hellmonk_lair_end_abyssal_woods, layout_regular_city, slime_entry_1,
          basic_altar, nzn_ghost_randoct
Snake:1:  layout_basic, grunt_megastairs_4
Snake:2:  layout_cave_pods
Snake:3:  layout_onion_interference, grunt_megastairs_5, uniq_louise,
          uniq_roxanne, uniq_mlioglotl
Snake:4:  hellmonk_snake_rune_quicksilver_temple, layout_cave_town, uniq_aizul
Orc:1:    dreamdust_wu_jian_sword_trials, layout_diamond_mine, serial_shops,
          nicolae_shop_window_shopping, kennysheep_orc_sif_temple, uniq_harold
Orc:2:    st_orc_town, layout_diamond_mine, uniq_azrael, uniq_jorgrun,
          uniq_rupert
Elf:1:    minmay_elf_arrival_circle, layout_gridlike, special_room
          [special_room_mythical_zoo], serial_shops, nicolae_diamond_shop,
          nicolae_shop_crystal, shop, shop_statue,
          portal_desolation_entry_nicolae_forbidding_blocks, minmay_elf_sorcery,
          corexii_leaking_fountain, dk_noncrumbling_3
Elf:2:    elven_hall_of_blades_hangedman_alternative
          [nicolae_blade_entry_crossed_weapons], layout_loops_cross,
          serial_shops, shop
Elf:3:    minmay_elf_hall_four_x, layout_geoelf_octagon, basic_altar,
          gammafunk_ghost_berserking_beasts, uniq_nikola
Vaults:1: v_rooms_2, grunt_vaults_swirl, ontoclasm_vaults_ring_square,
          grunt_vaults_bifocal, nicolae_vaults_disjoint_gnomons,
          nicolae_vaults_border_crossing, v_misc_4, st_lattice,
          nicolae_vaults_windows_and_doors_thing, vaults_dpeg_emergency_exit,
          vaults_dpeg_diagonal, layout_vaults_big_cross
Vaults:2: minmay_crypt_entry_nasty_monster, vaults_room_hallway,
          hangedman_vaults_maws, v_misc_22, nicolae_vaults_network_quinsquares
          [nicolae_vaults_network_quincunx_subvault,
          nicolae_vaults_network_quincunx_subvault,
          nicolae_vaults_network_quincunx_subvault,
          nicolae_vaults_network_quincunx_subvault], vaults_room_ringed_pool,
          vaults_mumra_minichess_inversion, vaults_room_octagon,
          nicolae_vaults_twisting_passages, nicolae_vaults_shelves_hall,
          hangedman_vaults_maws, layout_vaults_ring, serial_shops, shop,
          uniq_bai_suzhen
Vaults:3: nicolae_vaults_ninety_degrees, v_alt_pattern_4,
          nicolae_vaults_ring_of_whatevers, vaults_room_hangedman_quadrants,
          nicolae_vaults_disjoint_gnomons, grunt_vaults_twisty,
          ontoclasm_vaults_decontamination, v_misc_26,
          vaults_room_stairs_pillars, layout_vaults_chaotic_city
Vaults:4: v_pattern_2, nicolae_vaults_specimen_jars, nicolae_vaults_asterisk,
          v_alt_pattern_2, vaults_room_stairs_pillars,
          hangedman_vaults_river_flow, v_alt_pattern_2, v_misc_12,
          vaults_mumra_bighexcomb, v_rooms_5, v_misc_23,
          vaults_mumra_chevron_long, nicolae_vaults_big_angled_halls,
          layout_vaults_omnibox
Vaults:5: serial_shops, uniq_margery, uniq_frederick

Skill      XL: |  1  2  3  4  5  6  7  8  9 10 11 12 13 14 15 16 17 18 19 20 21 22 23 |
---------------+----------------------------------------------------------------------+-----
Spellcasting   | 5 6 7 8 9 10 11 12 13 14 15 16 | 16.7
Invocations    | 1 2 3 4 5 6 7 8 10 11 12 13 14 15 16 17 | 17.4
Fighting       | 1 2 3 4 5 6 7 8 9 10 11 12 13 14 15 16 | 16.0
Short Blades   | 1 2 3 4 5 6 7 8 9 10 11 12 13 14 15 16 | 16.0
Long Blades    | 1 2 3 4 5 6 7 8 9 10 11 12 13 14 15 16 | 16.0
Axes           | 1 2 3 4 5 6 7 8 9 10 11 12 13 14 15 16 | 16.0
Maces & Flails | 1 2 3 4 5 6 7 8 9 10 11 12 13 14 15 16 | 16.0
Polearms       | 1 2 3 4 5 6 7 8 9 10 11 12 13 14 15 16 | 16.0
Staves         | 1 2 3 4 5 6 7 8 9 10 11 12 13 14 15 16 | 16.0
Ranged Weapons | 1 2 3 4 5 6 7 8 9 10 11 12 13 14 15 16 | 16.0
Throwing       | 1 2 3 4 5 6 7 8 9 10 11 12 13 14 15 16 | 16.0
Armour         | 1 2 3 4 5 6 7 8 9 10 11 12 13 14 15 16 | 16.0
Shields        | 1 2 3 4 5 6 7 8 9 10 11 12 13 14 15 16 | 16.0
Unarmed Combat | 1 2 3 4 5 6 7 8 9 10 11 12 13 14 15 16 18 | 18.2
Evocations     | 1 2 3 4 5 6 7 8 9 10 11 12 13 14 15 16 | 16.0
Conjurations   | 1 2 3 4 5 6 7 8 9 10 11 12 13 | 13.6
Hexes          | 1 2 3 4 5 6 7 8 9 10 11 12 13 | 13.6
Summonings     | 1 2 3 4 5 6 7 8 9 10 11 12 13 | 13.6
Necromancy     | 1 2 3 4 5 6 7 8 9 10 11 12 13 | 13.6
Translocations | 1 2 3 4 5 6 7 8 9 10 11 12 13 | 13.6
Transmutations | 1 2 3 4 5 6 7 8 9 10 11 12 13 | 13.6
Fire Magic     | 1 2 3 4 5 6 7 8 9 10 11 12 13 | 13.6
Air Magic      | 1 2 3 4 5 6 7 8 9 10 11 12 13 | 13.6
Earth Magic    | 1 2 3 4 5 6 7 8 9 10 11 12 13 | 13.6
Poison Magic   | 1 2 3 4 5 6 7 8 9 10 11 12 13 | 13.6
Dodging        | 5 6 7 8 9 10 11 12 13 14 15 16 | 16.6
Stealth        | 5 6 7 8 9 10 11 12 13 14 15 16 | 16.5
Ice Magic      | 8 9 10 11 12 13 14 15 | 15.2

Action                   |  1- 3 |  4- 6 |  7- 9 | 10-12 | 13-15 | 16-18 | 19-21 | 22-24 || total
-------------------------+-------+-------+-------+-------+-------+-------+-------+-------++-------
Melee: Unarmed           |     1 |       |       |       |       |       |       |       ||     1
       Spear             |    11 |     1 |       |       |       |       |       |       ||    12
       Mace              |       |     3 |    19 |   137 |    92 |       |       |       ||   251
       Bite              |       |     1 |     1 |    21 |    25 |    21 |   126 |    56 ||   251
       Punch             |       |       |       |     8 |    16 |     9 |       |       ||    33
       Staff             |       |       |       |       |    44 |    49 |       |       ||    93
       Whip              |       |       |       |       |    28 |       |       |       ||    28
       War axe           |       |       |       |       |       |   122 |   671 |   248 ||  1041
Throw: Stone             |     3 |    13 |    23 |    39 |    68 |     5 |       |       ||   151
       Dart              |       |     1 |     1 |     6 |     3 |       |       |       ||    11
       Throwing net      |       |       |       |     1 |       |       |       |       ||     1
 Cast: Freeze            |    40 |    52 |   116 |   110 |   318 |    33 |    15 |     1 ||   685
       Frozen Ramparts   |     5 |    17 |    38 |    58 |    84 |    27 |    39 |     7 ||   275
       Ozocubu's Armour  |       |     2 |    14 |    29 |    46 |     8 |    27 |    12 ||   138
       Summon Lightning  |       |       |       |    64 |   144 |    39 |     1 |       ||   248
       Stone Arrow       |       |       |       |       |    73 |    25 |       |       ||    98
       Ozocubu's Refrige |       |       |       |       |       |   315 |   293 |    97 ||   705
       Irradiate         |       |       |       |       |       |    18 |     3 |    10 ||    31
       Maxwell's Capacit |       |       |       |       |       |       |     1 |     5 ||     6
       Orb of Destructio |       |       |       |       |       |       |       |     7 ||     7
       Ignition          |       |       |       |       |       |       |       |     4 ||     4
Invok: Curse Item        |       |       |       |     2 |     3 |       |     3 |       ||     8
       Shatter the Chain |       |       |       |       |     1 |       |       |       ||     1
Evoke: Wand              |       |       |       |     5 |    14 |    19 |       |       ||    38
       Condenser vane    |       |       |       |       |     1 |     2 |       |       ||     3
       Lightning rod     |       |       |       |       |       |     5 |       |       ||     5
       Phantom mirror    |       |       |       |       |       |     1 |     2 |       ||     3
  Use: Scroll            |       |       |    11 |     5 |     8 |     5 |     2 |       ||    31
       Potion            |       |       |       |       |     5 |     9 |     2 |     3 ||    19
 Stab: Sleeping          |     7 |       |     1 |     1 |       |     2 |    32 |     5 ||    48
       Distracted        |       |       |       |     1 |     2 |     3 |     4 |     1 ||    11
Armor: Robe              |     5 |     8 |    21 |       |       |       |       |       ||    34
       Steam dragon scal |       |       |     2 |   167 |   444 |   148 |   328 |   133 ||  1222
       Skin              |       |       |     1 |       |       |       |       |       ||     1
Dodge: Dodged            |    13 |    23 |    86 |   263 |   565 |   229 |   537 |   228 ||  1944
Block: Buckler           |       |       |       |       |       |    35 |   303 |   108 ||   446
       Reflection        |       |       |       |       |       |     5 |    20 |     7 ||    32
